 Dungeon Crawl Stone Soup version 0.30-a0-760-g5a9884bb7c (webtiles) character file.

Game seed: 231371301932940063

402 cforsyth the Gusty (level 6, -1/32 HPs)
             Began as a Tengu Air Elementalist on Feb 11, 2023.
             Slain by an ogre
             ... wielding a +0 giant club
              (33 damage)
             ... on level 5 of the Dungeon.
             The game lasted 00:07:42 (5363 turns).

cforsyth the Gusty (Tengu Air Elementalist)         Turns: 5363, Time: 00:07:42

Health: -1/32      AC:  2    Str:  8    XL:     6   Next: 85%
Magic:  7/13       EV: 14    Int: 17    God:
Gold:   220        SH:  0    Dex: 15    Spells: 3/13 levels left

rFire   . . .      SeeInvis .    (no weapon)
rCold   . . .      Faith    .    (no shield)
rNeg    . . .      Spirit   .    a - +0 robe
rPois   .          Reflect  .    (helmet restricted)
rElec   .          Harm     .    (no cloak)
rCorr   .          Rampage  .    (no gloves)
Will    .....                    (boots unavailable)
Stlth   ++                       (no amulet)
HPRegen 0.25/turn                (no ring)
MPRegen 0.13/turn                (no ring)

@: flying quickly and evasively, very slightly contaminated, quick
A: beak, talons 3, nimble flight
a: no special abilities


You were on level 5 of the Dungeon.
You visited 1 branch of the dungeon, and saw 5 of its levels.

You collected 220 gold pieces.

Inventory:

Missiles
 s - a throwing net
Armour
 a - a +0 robe (worn)
Jewellery
 j - a ring of see invisible
Wands
 w - a wand of flame (13)
Scrolls
 c - a scroll of identify
 d - 2 scrolls of immolation
 e - a scroll of enchant weapon {unknown}
 g - a scroll of fear {unknown}
 h - a scroll of brand weapon {unknown}
 i - a scroll of teleportation
 m - a scroll of poison {unknown}
 q - a scroll of amnesia {unknown}
 r - a scroll of blinking {unknown}
 v - 2 scrolls of magic mapping {unknown}
Potions
 b - a potion of magic
 f - a potion of might
 k - 4 potions of heal wounds
 l - a potion of cancellation {unknown}
 n - a potion of flight {unknown}
 o - 2 potions of lignification
 p - a potion of resistance
 u - a potion of curing {unknown}


   Skills:
 - Level 2.1 Dodging
 - Level 2.0 Stealth
 + Level 4.0 Spellcasting
 + Level 5.2 Conjurations
 + Level 6.5 Air Magic


You had 3 spell levels left.
You knew the following spells:

 Your Spells              Type           Power      Damage    Failure   Level
a - Shock                 Conj/Air       92%        1d8       1%          1
b - Static Discharge      Conj/Air       46%        2-4/arc   2%          2
c - Swiftness             Air            25%        N/A       3%          3
d - Airstrike             Air            12%        2d(2-18)  11%         4

Your spell library contained the following spells:

 Spells                   Type           Power      Damage    Failure   Level
 Poisonous Vapours        Pois/Air       28%        N/A       6%          2
 Cigotuvi's Dreadful Rot  Necr/Pois/Air  20%        N/A       10%         2
 Mephitic Cloud           Conj/Pois/Air  16%        N/A       10%         3
 Blink                    Tloc           6%         N/A       24%         2
 Anguish                  Hex/Necr       1%         N/A       83%         4
 Manifold Assault         Tloc           3%         N/A       83%         4
 Enfeeble                 Hex            1%         N/A       100%        7
 Malign Gateway           Summ/Tloc      1%         N/A       100%        7
 Storm Form               Tmut/Air       7%         N/A       100%        7
 Summon Horrible Things   Summ           1%         N/A       100%        8


Dungeon Overview and Level Annotations

Branches:
Dungeon (5/15)
 Temple: D:4-7

Altars:
Makhleb

Shops:
D:4 ?


Innate Abilities, Weirdness & Mutations

You have a beak for a mouth.
You have claws for feet.
Your magical nature lets you fly swiftly and evasively.


Message History

m - a scroll labelled FOEWAG QIOMIN
v - 2 scrolls labelled PICIEGOINKOGIN (gained 1)
Found a stone staircase leading down.
A hound is nearby!
A hound is nearby!
A hound is nearby!
A hound is nearby!
A hound is nearby!
The zap hits the hound but does no damage.
The hound barks!
The zap hits the hound.
The hound is lightly wounded.
The hound bites you but does no damage.
The zap misses the hound. x2; The hound barely misses you.
The zap hits the hound!
The hound is severely wounded.
The zap hits the hound!
You kill the hound!
You can't see any susceptible monsters within range! (Use Z to cast anyway.)
You can't see any susceptible monsters within range! (Use Z to cast anyway.) Magic restored.
An ogre comes into view. It is wielding a +0 giant club.
An ogre is nearby!
An ogre is nearby!
An ogre is nearby!
You miscast Shock.
You are very lightly contaminated with residual magic.
Nothing appears to happen.
The zap misses the ogre.
The zap hits the ogre!
The ogre is moderately wounded.
The zap hits the ogre.
The ogre is moderately wounded.
The zap hits the ogre!
The ogre is severely wounded.
The zap hits the ogre.
The ogre is severely wounded.
The ogre hits you with a +0 giant club!!
Ouch! That really hurt!
You die...

#....####....###
###..#.........#.#
###..#.........#..
#..............#.#
#....####..#####.#
#............# #.#
######.....#.# #.#
#.....#.###O#
#.....#...#@##
#.....###....#
#.....# ###..#
#...... ...#
###### #..# ##..
##> ##


You could see an ogre.

Vanquished Creatures
  2 scorpions
  3 hounds
  Jessica (D:3)
  An iguana (D:4)
  3 gnolls
  4 adders
  2 worms
  3 dart slugs
  5 orcs
  A bat (D:3)
  5 endoplasms
  2 giant cockroaches
  9 goblins
  5 hobgoblins
  5 quokkas
  3 ball pythons
  4 frilled lizards
  3 kobolds
  7 rats
68 creatures vanquished.

Notes
Turn   | Place    | Note
-------+----------+-------------------------------------------
     0 | D:1      | cforsyth the Tengu Air Elementalist began the quest for the
                  | Orb.
     0 | D:1      | Reached XP level 1. HP: 10/10 MP: 4/4
   207 | D:1      | Reached XP level 2. HP: 15/15 MP: 1/6
   790 | D:1      | Found a faded altar of an unknown god.
  1109 | D:2      | Reached XP level 3. HP: 16/19 MP: 1/7
  1112 | D:2      | Learned a level 2 spell: Static Discharge
  1116 | D:2      | Learned a level 3 spell: Swiftness
  2532 | D:3      | Reached XP level 4. HP: 24/24 MP: 7/9
  2757 | D:3      | Noticed Jessica
  2761 | D:3      | Killed Jessica
  2762 | D:3      | Reached skill level 5 in Air Magic
  3169 | D:3      | Gained mutation: Your magical nature lets you fly swiftly
                  | and evasively. [Tengu growth]
  3169 | D:3      | Reached XP level 5. HP: 23/28 MP: 5/10
  4014 | D:4      | Reached skill level 6 in Air Magic
  4014 | D:4      | Reached XP level 6. HP: 19/32 MP: 3/12
  4019 | D:4      | Learned a level 4 spell: Airstrike
  4269 | D:4      | Found a burning altar of Makhleb.
  4285 | D:4      | Found Niugh's Magic Scroll Emporium.
  4900 | D:5      | Entered Level 5 of the Dungeon
  5001 | D:5      | Reached skill level 5 in Conjurations
  5363 | D:5      | Slain by an ogre

Illustrated notes

Levels and vault maps discovered:
D:1:      erik_arrival_cave_to_civilisation [erik_arrival_cave_to_hall],
          layout_basic, basic_ecumenical_altar, minmay_pentomino_w2
D:2:      layout_loops_ring, serial_co_window_serial,
          co_window_of_opportunity_a, co_window_paths_b, co_window_corner_a,
          co_window_corner_a, co_window_paths_b, co_window_paths_b,
          co_window_corner_a, co_window_of_opportunity_c,
          co_window_of_opportunity_c, co_window_corner_b, co_window_corner_ca,
          co_window_4corner_a, glass_columns_a, glass_columns_c,
          kennysheep_doodads
D:3:      layout_basic, chequers_decorated_corner, cheibrodos_gnoll_hut,
          uniq_jessica
D:4:      layout_loops_ring, bloody_makhleb, serial_shops, nicolae_shop_trees,
          minmay_cut_off
D:5:      layout_basic, mainiacjoe_overflow_alcove_1, st_stairs_10, minmay_holes

Skill      XL: |  1  2  3  4  5  6 |
---------------+-------------------+-----
Conjurations   | 2 3 4 5 |  5.2
Air Magic      | 5 6 |  6.5
Spellcasting   | 3 4 |  4.0
Dodging        | |  2.1
Stealth        | |  2.0

Action                     |  1- 3 |  4- 6 || total
---------------------------+-------+-------++-------
   Cast: Shock             |    56 |   129 ||   185
         Static Discharge  |     1 |       ||     1
    Use: Scroll            |     4 |     4 ||     8
 Armour: Robe              |     1 |     3 ||     4
  Dodge: Dodged            |     7 |    24 ||    31

Table legend: (Time is in decaauts)
 A = Elapsed time spent in this place.
 B = Non-inter-level travel time spent in this place.
 C = Inter-level travel time spent in this place.
 D = Time resting spent in this place.
 E = Time spent auto-exploring this place.
 F = Levels seen in this place.
 G = Mean time per level.
                   A        B        C        D        E       F      G
               +--------+--------+--------+--------+--------+-----+--------+
         Total |   5244 |   5074 |    170 |    235 |   4428 |   5 | 1048.8 |
       Dungeon |   5244 |   5074 |    170 |    235 |   4428 |   5 | 1048.8 |
               +--------+--------+--------+--------+--------+-----+--------+

Top non-repeatable levels by time:
     D:3: 1666 daAuts
     D:2: 1141 daAuts
     D:4: 1052 daAuts
     D:1: 940 daAuts
     D:5: 443 daAuts
